 Dungeon Crawl Stone Soup version 0.31-a0-868-g674d60d6f7 (webtiles) character file.

Game seed: 16937910277417203524

5084 freelancePsychic the Fighter (level 10, -2/68 HPs)
             Began as a Gargoyle Brigand on Oct 11, 2023.
             Was a Priest of Zin.
             Slain by an orc warrior
             ... wielding a +0 glaive
              (3 damage)
             ... on level 9 of the Dungeon.
             The game lasted 00:13:31 (7479 turns).

freelancePsychic the Fighter (Gargoyle Brigand)     Turns: 7479, Time: 00:13:32

Health: -2/68      AC: 15    Str: 22    XL:     10   Next: 57%
Magic:  14/15      EV: 11    Int: 15    God:    Zin [***...]
Gold:   445        SH:  5    Dex: 17    Spells: 9/9 levels left

rFire   + . .        a - +1 arbalest (flame)
rCold   . . .        (shield currently unavailable)
rNeg    + . .        q - +3 troll leather armour
rPois   ∞            (no helmet)
rElec   +            c - +0 cloak
rCorr   .            v - +0 pair of gloves
SInv    .            (no boots)
Will    .....        w - amulet of reflection
Stlth   +++          u - ring of protection from fire
HPRegen 1.11/turn    b - +6 ring of strength
MPRegen 0.14/turn

%: reflection
@: vitalised, about to teleport, on recite cooldown, studying Ranged Weapons
A: sickness immunity, AC +7, negative energy resistance 1, electricity
resistance, torment resistance 1, petrification resistance
a: Renounce Religion, Recite, Vitalisation, Imprison, Donate Gold


You were on level 9 of the Dungeon.
You worshipped Zin.
Zin was most pleased with you.
You visited 1 branch of the dungeon, and saw 9 of its levels.

You collected 494 gold pieces.
You donated 49 gold pieces to Zin.

Inventory:

Hand Weapons
 a - a +1 arbalest of flaming (weapon)
Missiles
 d - 21 poisoned darts (quivered)
 e - a curare-tipped dart
 r - 3 throwing nets
Armour
 c - a +0 cloak (worn)
 k - a +0 robe
 q - a +3 troll leather armour (worn)
 v - a +0 pair of gloves (worn)
Jewellery
 b - a +6 ring of strength (right hand)
 u - a ring of protection from fire (left hand)
 w - an amulet of reflection (around neck)
Scrolls
 g - a scroll of teleportation {@r4}
 i - 2 scrolls of enchant armour
 n - 2 scrolls of immolation
 o - 2 scrolls of amnesia
 p - 3 scrolls of fog
 y - 3 scrolls of identify {@r1}
Potions
 f - 2 potions of curing {@q1}
 h - 2 potions of lignification {unknown}
 j - a potion of ambrosia {unknown}
 l - a potion of attraction {unknown}
 m - 2 potions of heal wounds {unknown}
 s - a potion of invisibility {unknown}
 t - a potion of haste {unknown}
 x - 2 potions of enlightenment {unknown}


   Skills:
 + Level 10.2 Fighting
 - Level 3.5 Short Blades
 + Level 9.5 Ranged Weapons
 - Level 3.3 Throwing
 - Level 0.7 Dodging
 - Level 7.0 Stealth
 + Level 6.8 Invocations


You had 9 spell levels left.
You didn't know any spells.
Your spell library contained the following spells:

 Spells                   Type           Power      Damage    Failure   Level
 Necrotise                Necr           0%         1d4       30%         1
 Summon Small Mammal      Summ           0%         N/A       30%         1
 Lesser Beckoning         Tloc           0%         N/A       43%         2
 Call Canine Familiar     Summ           0%         N/A       67%         3
 Dazzling Flash           Conj/Hex       0%         N/A       67%         3
 Gell's Gravitas          Tloc           0%         N/A       67%         3
 Ignite Poison            Fire/Tmut/Pois 0%         N/A       67%         3
 Stone Arrow              Conj/Erth      0%         3d7       67%         3
 Summon Guardian Golem    Hex/Summ       0%         N/A       67%         3
 Teleport Other           Tloc           0%         N/A       67%         3
 Vampiric Draining        Necr           0%         2d6       67%         3
 Volatile Blastmotes      Fire/Tloc      0%         2d10      67%         3
 Animate Armour           Summ/Erth      0%         N/A       97%         4
 Sticky Flame             Conj/Fire      0%         2d3       97%         4
 Agony                    Necr           0%         N/A       100%        5
 Starburst                Conj/Fire      0%         6d3       100%        6
 Ignition                 Fire           0%         3d3       100%        8
 Lehudib's Crystal Spear  Conj/Erth      0%         10d2      100%        8
 Maxwell's Capacitive Co  Air            0%         ∞         100%        8


Dungeon Overview and Level Annotations

Branches:
Dungeon (9/15)             Temple (0/1) D:7
   Lair: D:8-11         Orc: D:9-12

Altars:
Elyvilon
Xom
Zin
The Shining One

Annotations:
D:6 1 runed translucent door, Crazy Yiuf
D:7 2 transporters, croobank's ghost, novice GnSh


Innate Abilities, Weirdness & Mutations

You are immune to sickness and miasma.
Your stone body is resilient. (AC +7)
You are immune to poison.
You resist negative energy. (rN+)
You are resistant to electric shocks. (rElec)
You are resistant to unholy torment.
You are immune to petrification.


Message History

You shoot a bolt.
The bolt closely misses the orc warrior.
The killer bee stings you but does no damage.
You block the orc priest's attack.
The orc warrior unwields a +0 arbalest.
The orc warrior wields a +0 glaive.
The orc warrior hits you with a +0 glaive!
The killer bee misses you.
You shoot a bolt. The bolt hits the orc warrior!
The bolt burns the orc warrior.
The orc warrior is moderately wounded.
The killer bee closely misses you.
A killer bee comes into view.
The killer bee stings you but does no damage.
You block the orc priest's attack.
The orc warrior hits the killer bee with a +0 trident.
The orc warrior hits you with a +0 glaive!
The killer bee barely misses you. The orc priest barely misses you.
The orc warrior grins madly.
As you read the scroll of teleportation {@r4}, it crumbles to dust.
You feel strangely unstable. You block the killer bee's attack.
The orc warrior hits you with a +0 glaive.
The killer bee stings you.
* * * LOW HITPOINT WARNING * * *
The orc priest closely misses you.
You shoot a bolt. The killer bee buzzes angrily.
The bolt hits the orc warrior.
The bolt burns the orc warrior.
The orc warrior is heavily wounded.
The killer bee barely misses you. x2
The orc warrior hits you with a +0 glaive.
* * * LOW HITPOINT WARNING * * *
The orc priest invokes the aid of Beogh against you.
Beogh smites you!
* * * LOW HITPOINT WARNING * * *
Something hits the orc!
The orc is killed!
The killer bee stings you.
* * * LOW HITPOINT WARNING * * *
The orc warrior hits you with a +0 glaive.
You die...

####### .......
.....).
###...).?.
#####y@o)))...
##...yW#o.#!...
###.#.)###..# .
#......# ....
##.....## #####
.. #...o..# ....
##....## ....
##.#..#
.....####.#..#.##


You could see a wraith, an orc warrior, 2 killer bees, an orc priest (blind) and
an orc (paralysed).

Vanquished Creatures
  Pikel (D:7)
  A troll (D:9)
  Prince Ribbit (D:7)
  Sigmund (D:6)
  A yak (D:9)
  2 wraiths (D:9)
  A vampire mosquito (D:8)
  An acid dragon (D:9)
  A water moccasin (D:8)
  2 black bears
  An ice beast (D:8)
  2 orc warriors (D:9)
  An ogre (D:6)
  2 phantoms (D:4)
  4 centaurs
  2 lemures (D:7)
  4 bullfrogs
  3 kobold brigands (D:9)
  A gnoll sergeant (D:9)
  2 scorpions (D:4)
  3 wights (D:7)
  7 killer bees
  3 howler monkeys (D:7)
  5 hounds
  4 orc priests
  A gnoll bouda (D:5)
  2 sleepcaps
  5 orc wizards
  3 iguanas
  19 gnolls
  8 adders
  3 white imps
  An ufetubus (D:4)
  2 worms (D:2)
  3 dart slugs
  44 orcs
  6 endoplasms
  3 giant cockroaches
  5 goblins
  8 hobgoblins
  12 kobolds
  5 quokkas
  6 ball pythons
  5 bats
  4 frilled lizards
  3 rats (D:2)
204 creatures vanquished.

Vanquished Creatures (others)
  An orc (D:9)
1 creature vanquished.

Grand Total: 205 creatures vanquished

Notes
Turn   | Place    | Note
-------+----------+-------------------------------------------
     0 | D:1      | freelancePsychic the Gargoyle Brigand began the quest for
                  | the Orb.
     0 | D:1      | Reached XP level 1. HP: 12/12 MP: 1/1
   235 | D:1      | Reached XP level 2. HP: 14/18 MP: 2/2
   671 | D:2      | Reached XP level 3. HP: 22/22 MP: 3/3
   681 | D:2      | Reached skill level 5 in Stealth
   982 | D:2      | Reached XP level 4. HP: 27/27 MP: 4/4
  1084 | D:2      | Found a shimmering altar of Xom.
  1231 | D:3      | Reached skill level 3 in Fighting
  1637 | D:3      | Reached XP level 5. HP: 32/32 MP: 5/5
  2130 | D:4      | Reached XP level 6. HP: 37/37 MP: 6/6
  2476 | D:4      | Reached skill level 4 in Fighting
  2476 | D:4      | Reached XP level 7. HP: 43/43 MP: 7/7
  2821 | D:5      | Entered Level 5 of the Dungeon
  3187 | D:5      | Reached skill level 1 in Ranged Weapons
  3312 | D:5      | Reached skill level 5 in Fighting
  3741 | D:5      | Reached XP level 8. HP: 50/50 MP: 8/8
  4039 | D:4      | Reached skill level 6 in Fighting
  4454 | D:6      | Noticed Sigmund
  4458 | D:6      | Killed Sigmund
  4640 | D:6      | Found a runed translucent door.
  4641 | D:6      | Noticed Crazy Yiuf
  4777 | D:6      | Found a glowing golden altar of the Shining One.
  4778 | D:6      | Found a white marble altar of Elyvilon.
  4779 | D:6      | Found a glowing silver altar of Zin.
  4915 | D:6      | Reached skill level 7 in Fighting
  5024 | D:6      | Reached skill level 5 in Ranged Weapons
  5251 | D:7      | Noticed Pikel
  5321 | D:6      | Became a worshipper of Zin the Law-Giver
  5321 | D:6      | Reached * piety under Zin
  5411 | D:7      | Found a transporter.
  5412 | D:7      | Noticed croobank's ghost (novice GnSh)
  5416 | D:7      | Reached ** piety under Zin
  5427 | D:7      | Reached skill level 1 in Invocations
  5428 | D:7      | Reached XP level 9. HP: 57/57 MP: 8/10
  5543 | D:7      | Found a staircase to the Ecumenical Temple.
  5606 | D:7      | Killed Pikel
  5607 | D:7      | Reached skill level 8 in Fighting
  5799 | D:7      | Noticed Prince Ribbit
  5805 | D:7      | Killed Prince Ribbit
  5887 | D:7      | Found a transporter.
  6065 | D:8      | Identified a scroll of acquirement
  6065 | D:8      | Acquired a manual of Ranged Weapons
  6162 | D:8      | Reached skill level 9 in Fighting
  6339 | D:8      | Reached skill level 5 in Invocations
  6672 | D:9      | Reached XP level 10. HP: 40/66 MP: 13/13
  7349 | D:9      | Reached skill level 10 in Fighting
  7387 | D:9      | Reached *** piety under Zin
  7417 | D:9      | Noticed a manticore
  7479 | D:9      | HP: 1/68 [killer bee (3)]
  7479 | D:9      | Slain by an orc warrior

Illustrated notes

Levels and vault maps discovered:
D:1:      dpeg_arrival_stone_temple_mockup, layout_basic
D:2:      layout_rooms, basic_altar, bh_walls_and_bars
D:3:      layout_basic
D:4:      minmay_chambers_of_twos, layout_basic, hex_large, grunt_ministairs_2,
          serial_bayou_lagoon_b
D:5:      layout_basic
D:6:      layout_loops_ring, good_gods_temple_1, uniq_crazy_yiuf_cottage,
          uniq_sigmund
D:7:      layout_rooms, minmay_temple_entry_large_hall,
          gammafunk_ghost_stat_death, uniq_prince_ribbit1, uniq_pikel
D:8:      layout_rooms, grunt_ministairs_2, minivault_4,
          dreamdust_mushroom_princess, minmay_small_thing
D:9:      cheibrodos_ideogram_h, layout_cave_pools, erik_orc_1, chequers_garden

Skill      XL: |  1  2  3  4  5  6  7  8  9 10 |
---------------+-------------------------------+-----
Short Blades   | 2 3 |  3.5
Throwing       | 2 3 |  3.3
Stealth        | 5 6 7 |  7.0
Fighting       | 3 4 5 7 9 10 | 10.2
Ranged Weapons | 2 5 7 9 |  9.5
Invocations    | 1 5 6 |  6.8
Dodging        | |  0.7

Action                     |  1- 3 |  4- 6 |  7- 9 | 10-12 || total
---------------------------+-------+-------+-------+-------++-------
  Melee: Dagger            |    81 |   147 |    80 |       ||   308
         Arbalest          |       |       |     2 |       ||     2
   Fire: Arbalest          |       |       |   272 |   101 ||   373
  Throw: Dart              |     8 |     7 |     5 |       ||    20
 Invoke: Recite            |       |       |     6 |     9 ||    15
         Vitalisation      |       |       |       |     1 ||     1
    Use: Potion            |       |     3 |     1 |       ||     4
         Scroll            |       |       |    12 |     7 ||    19
   Stab: Sleeping          |     7 |     6 |     2 |       ||    15
         Distracted        |     1 |       |       |       ||     1
 Armour: Robe              |    31 |    94 |   233 |    37 ||   395
         Troll leather arm |       |       |       |    60 ||    60
  Dodge: Dodged            |    29 |    90 |   171 |    58 ||   348
  Block: Other             |       |       |    13 |    20 ||    33
         Reflection        |       |       |     1 |     2 ||     3

Table legend: (Time is in decaauts)
 A = Elapsed time spent in this place.
 B = Non-inter-level travel time spent in this place.
 C = Inter-level travel time spent in this place.
 D = Time resting spent in this place.
 E = Time spent auto-exploring this place.
 F = Levels seen in this place.
 G = Mean time per level.
                   A        B        C        D        E       F      G
               +--------+--------+--------+--------+--------+-----+--------+
         Total |   7716 |   7402 |    314 |    533 |   5235 |   9 |  857.3 |
       Dungeon |   7716 |   7402 |    314 |    533 |   5235 |   9 |  857.3 |
               +--------+--------+--------+--------+--------+-----+--------+

Top non-repeatable levels by time:
     D:5: 1193 daAuts
     D:4: 1163 daAuts
     D:8: 1145 daAuts
     D:6: 1114 daAuts
     D:3: 825 daAuts
     D:1: 609 daAuts
     D:2: 597 daAuts
     D:7: 595 daAuts
     D:9: 473 daAuts
